 Dungeon Crawl Stone Soup version 0.17.1-1-g73c8601 (webtiles) character file.

28 Miyamura the Grasshopper (level 2, 0/15 HPs)
             Began as a Spriggan Warper on Dec 24, 2015.
             Slain by a river rat (7 damage)
             ... on level 2 of the Dungeon.
             The game lasted 00:04:19 (1546 turns).

Miyamura the Grasshopper (Spriggan Warper)          Turns: 1546, Time: 00:04:20

Health: 0/15       AC:  7    Str:  7    XL:     2   Next: 96%
Magic:  7/7        EV: 18    Int: 14    God:
Gold:   78         SH:  0    Dex: 15    Spells: 2 memorised, 4 levels left

rFire  . . .     SeeInvis +     a - +0 short sword
rCold  . . .     Clarity  .     b - +0 robe
rNeg   . . .     SustAt   .     (shield restricted)
rPois  .         Gourm    .     (helmet restricted)
rElec  .         Spirit   .     (no cloak)
rCorr  .         Warding  .     (gloves unavailable)
rMut   .         Stasis   .     (boots unavailable)
MR     .....                    (no amulet)
Stlth  ++........               (no ring)
                                h - +5 ring of protection

@: very quick, not resistant to hostile enchantments, unstealthy
A: unfitting armour, see invisible, herbivore 3, speed 3, slow metabolism 2
a: no special abilities


You were on level 2 of the Dungeon.
You were not hungry.

You visited 1 branch of the dungeon, and saw 2 of its levels.

You collected 78 gold pieces.

Inventory:

Hand Weapons
 a - a +0 short sword (weapon)
Missiles
 e - 5 tomahawks of dispersal (quivered)
 j - 7 poisoned needles
Armour
 b - a +0 robe (worn)
Jewellery
 h - a +5 ring of protection (left hand)
 l - an uncursed ring of teleportation
Scrolls
 d - a scroll of blinking
Potions
 g - a potion of agility {unknown}
 k - 2 potions of curing
 m - a potion of haste {unknown}
 n - a potion of brilliance {unknown}
Books
 c - a book of Spatial Translocations

   Spells                             Type                      Level
   a - Apportation                    Translocation                1
   b - Blink                          Translocation                2
   c - Shroud of Golubria             Charms/Translocation         2
   d - Portal Projectile              Translocation                3
   e - Teleport Other                 Translocation                3
   f - Passage of Golubria            Translocation                4
Comestibles
 f - 2 bread rations
 i - a royal jelly


   Skills:
 + Level 1.7 Fighting
 + Level 2.5 Short Blades
 - Level 1.0 Throwing
 + Level 3.8 Dodging
 + Level 1.6 Stealth
 + Level 3.1 Spellcasting
 + Level 4.8 Translocations


You had 4 spell levels left.
You knew the following spells:

 Your Spells              Type           Power        Failure   Level  Hunger
a - Apportation           Tloc           ###.......   2%          1    #......
b - Blink                 Tloc           N/A          4%          2    ##.....


Dungeon Overview and Level Annotations

Branches:
Dungeon (2/15)

Altars:


Innate Abilities, Weirdness & Mutations

You are tiny and cannot use many weapons and most armour.
You have supernaturally acute eyesight.
You are a herbivore.
You cover ground extremely quickly.
You need consume almost no food.


Message History

You barely miss the river rat.
The river rat is severely wounded.
The river rat bites you.
You closely miss the river rat.
The river rat is heavily wounded.
The river rat bites you.
You barely miss the river rat.
The river rat is heavily wounded.
The river rat barely misses you.
Wield which item (- for none, * to show all)? (? for menu, Esc to quit)
Okay, then.
You hit the plant.
The plant is lightly damaged.
You hit the plant.
The plant is lightly damaged.
The river rat completely misses you. The river rat misses you.
The river rat completely misses you. The river rat bites you!
You die...

P§ .P......♣P $♣
...P..♣.P♣♣♣.♣
#...♣.PPP♣.♣♣
......♣P.♣P.♣ ♣
.....P..♣..♣♣ ...
♣...♣r♣P♣ .♣.♣
♣P.♣.P.♣P♣ ♣♣ P
♣..♣.♣.♣♣♣ ♣ .♣♣
♣r@♣♣♣P♣♣ ♣
....♣♣♣♣§♣♣♣♣.♣
♣PP.♣.♣§♣P.♣♣
##♣.P♣♣§§♣
#......§##
#...####.## ###
#..#
######.##########
........>........#


You could see a river rat.

Vanquished Creatures
  A giant gecko (D:1)
  3 bats (D:1)
  5 goblins
  2 hobgoblins
  3 giant newts (D:1)
  7 jackals (D:1)
  4 kobolds
25 creatures vanquished.

Notes
Turn   | Place    | Note
--------------------------------------------------------------
     0 | D:1      | Miyamura the Spriggan Warper began the quest for the Orb.
     0 | D:1      | Reached XP level 1. HP: 10/10 MP: 5/5
   520 | D:1      | Reached XP level 2. HP: 14/14 MP: 6/6
   524 | D:1      | Learned a level 2 spell: Blink
   684 | D:1      | Reached skill level 1 in Stealth
  1546 | D:2      | Slain by a river rat

Action                   || total
-------------------------++-------
Melee: Short sword       ||   107
  Use: Scroll            ||     7
 Stab: Sleeping          ||     3
